 Dungeon Crawl Stone Soup version 0.27.1-34-g3ba077fa99 (webtiles) character file.

Game seed: 10003329227788100341

721 mcbry74 the Grappler (level 7, -8/62 HPs)
             Began as a Troll Gladiator on Jan 30, 2022.
             Mangled by a two-headed ogre (13 damage)
             ... on level 5 of the Dungeon.
             The game lasted 00:15:54 (3941 turns).

mcbry74 the Grappler (Troll Gladiator)              Turns: 3941, Time: 00:15:56

Health: -8/62      AC:  7    Str: 29    XL:     7   Next: 42%
Magic:  6/6        EV: 10    Int:  6    God:
Gold:   167        SH:  0    Dex: 11    Spells: 6/6 levels left

rFire    . . .     SeeInvis .     - Unarmed
rCold    . . .     Faith    .   (no shield)
rNeg     . . .     Spirit   .   C - +0 troll leather armour {Purgy}
rPois    +         Reflect  .   b - +0 hat
rElec    .         Harm     .   m - +0 cloak
rCorr    .         Rampage  .   (gloves unavailable)
Will     .....                  (boots unavailable)
Stlth    +.........             (no amulet)
HPRegen  2.20/turn              q - +6 ring of strength
MPRegen  0.10/turn              u - ring of poison resistance

@: no status effects
A: large, unfitting armour, claws 3, regeneration 1, shaggy fur 1, tough skin 1
a: no special abilities


You were on level 5 of the Dungeon.
You visited 1 branch of the dungeon, and saw 5 of its levels.
You also visited: Sewer.

You collected 167 gold pieces.

Inventory:

Hand Weapons
 g - a +0 whip
Missiles
 c - 3 throwing nets
 e - 112 stones
 o - 11 javelins (quivered)
 t - 8 boomerangs
 x - 7 datura-tipped darts
Armour
 a - a +0 robe
 b - a +0 hat (worn)
 m - a +0 cloak (worn)
 C - a +0 troll leather armour (worn) {Purgy}
Jewellery
 q - a +6 ring of strength (left claw)
 u - a ring of poison resistance (right claw)
 D - a ring of flight
Wands
 y - a wand of flame (27)
 A - a wand of mindburst (12)
Scrolls
 f - 2 scrolls of fear {unknown}
 i - 2 scrolls of vulnerability {unknown}
 k - 4 scrolls of identify {unknown}
 l - 2 scrolls of teleportation {unknown}
 n - 4 scrolls of enchant armour {unknown}
 s - 2 scrolls of silence {unknown}
 v - a scroll of blinking {unknown}
 z - 2 scrolls of magic mapping {unknown}
Potions
 d - 3 potions of haste {unknown}
 h - 2 potions of attraction {unknown}
 j - 3 potions of curing {unknown}
 p - 2 potions of might {unknown}
 r - 3 potions of heal wounds {unknown}
 w - 2 potions of ambrosia {unknown}
 B - 2 potions of invisibility {unknown}
 E - a potion of berserk rage {unknown}


   Skills:
 - Level 1.5 Fighting
 - Level 1.7 Throwing
 - Level 2.4 Dodging
 + Level 8.8 Unarmed Combat


You had 6 spell levels left.
You didn't know any spells.
Your spell library contained the following spells:

 Spells                   Type           Power      Damage    Failure   Level
 Summon Small Mammal      Summ           0%         N/A       50%         1
 Call Canine Familiar     Summ           0%         N/A       86%         3
 Summon Guardian Golem    Hex/Summ       0%         N/A       86%         3


Dungeon Overview and Level Annotations

Branches:
Dungeon (5/15)              Sewer (visited)
 Temple: D:4-7

Altars:

Shops:
D:1 ?[?[?   D:4 [


Innate Abilities, Weirdness & Mutations

You are too large for most types of armour.
You have claws for hands.
Your natural rate of healing is unusually fast.
You are covered in fur. (AC +1)
You have tough skin. (AC +1)


Message History

Aim: a two-headed ogre, wielding two +0 giant clubs (wandering, hasn't noticed you, 71% to hit)
You throw a javelin. The two-headed ogre shouts in stereo!
The javelin pierces through the two-headed ogre but does no damage.
Throw: 14 javelins
Press: ? - help, Q - select action, (/) - cycle Shift-Dir - straight line, f/p - two-headed ogre
Aim: a two-headed ogre, wielding two +0 giant clubs (71% to hit)
You throw a javelin.
The javelin pierces through the two-headed ogre but does no damage.
Throw: 13 javelins
Press: ? - help, Q - select action, (/) - cycle Shift-Dir - straight line, f/p - two-headed ogre
Aim: a two-headed ogre, wielding two +0 giant clubs (71% to hit)
You throw a javelin.
The javelin barely misses the two-headed ogre.
Throw: 12 javelins
Press: ? - help, Q - select action, (/) - cycle Shift-Dir - straight line, f/p - two-headed ogre
Aim: a two-headed ogre, wielding two +0 giant clubs (71% to hit)
You throw a javelin.
The javelin pierces through the two-headed ogre!
The two-headed ogre is moderately wounded.
You claw the two-headed ogre!
The two-headed ogre is moderately wounded.
The two-headed ogre barely misses you.
The two-headed ogre hits you with a +0 giant club!!
You scratch the two-headed ogre.
The two-headed ogre is heavily wounded.
You mangle the two-headed ogre!!
The two-headed ogre is almost dead.
The two-headed ogre hits you with a +0 giant club!!
The two-headed ogre hits you with a +0 giant club!
* * * LOW HITPOINT WARNING * * *
You barely miss the two-headed ogre.
The two-headed ogre is almost dead.
You scratch the two-headed ogre.
The two-headed ogre is almost dead.
The two-headed ogre hits you with a +0 giant club!!
Ouch! That really hurt!
* * * LOW HITPOINT WARNING * * *
The two-headed ogre hits you with a +0 giant club!
You die...

#.##..#.# #.##.#...#####
#..#..#.# #>............
####..#..#.# #.##.#.#..####
...........###.##.#.#..####
#.....................##
#..#.##.######<#....#
#..#.##.# #.#.#..####
###..#.##.######..........
...(......@O...........####
.###..#.#########.#........
........ #.####.....
###..### #.# #..... ....
..#####.####..### ###.
................. ..
#.#####.......... ###.##
...#....####.#### ....#
#.<...........# #


You could see a two-headed ogre.

Vanquished Creatures
  Purgy (Sewer)
  A black bear (D:3)
  A scorpion (D:4)
  A howler monkey (D:4)
  3 jellies
  An orc priest (D:5)
  A scorpion zombie (D:5)
  Crazy Yiuf (D:2)
  A centaur skeleton (D:5)
  2 orc wizards (D:5)
  A hound skeleton (D:4)
  A howler monkey skeleton (D:5)
  6 adders
  An adder skeleton (D:4)
  2 worms (D:5)
  2 dart slugs
  9 orcs
  3 endoplasms
  3 giant cockroaches
  8 goblins
  13 hobgoblins
  6 jackals (D:1)
  6 kobolds
  3 quokkas
  7 ball pythons
  3 bats
  5 frilled lizards
  5 rats
97 creatures vanquished.

Vanquished Creatures (others)
  A demonic plant (D:3)
  A fungus (D:2)
2 creatures vanquished.

Grand Total: 99 creatures vanquished

Notes
Turn   | Place    | Note
-------+----------+-------------------------------------------
     0 | D:1      | mcbry74 the Troll Gladiator began the quest for the Orb.
     0 | D:1      | Reached XP level 1. HP: 19/19 MP: 0/0
   251 | D:1      | Found Caixan's Magic Scroll Shop.
   268 | D:1      | Found Utyeteus's Antique Armour Shoppe.
   308 | D:1      | Reached XP level 2. HP: 27/27 MP: 1/1
   309 | D:1      | Found Hunnibeb's Magic Scroll Shop.
   509 | D:1      | Reached skill level 4 in Unarmed Combat
   535 | D:1      | Found Bubbeu's Magic Scroll Emporium.
   696 | D:1      | Found Diedaj's Antique Armour Boutique.
   862 | D:2      | Reached XP level 3. HP: 33/33 MP: 2/2
  1513 | D:2      | Found a runed translucent door.
  1514 | D:2      | Noticed Crazy Yiuf
  1521 | D:2      | Killed Crazy Yiuf
  1522 | D:2      | Reached skill level 5 in Unarmed Combat
  1522 | D:2      | Reached XP level 4. HP: 14/41 MP: 3/3
  1765 | D:3      | Noticed a black bear
  1782 | D:3      | Killed a black bear
  1783 | D:3      | Reached skill level 6 in Unarmed Combat
  1783 | D:3      | Reached XP level 5. HP: 20/48 MP: 4/4
  1813 | D:3      | Found a faded altar of an unknown god.
  2527 | D:4      | Reached XP level 6. HP: 50/55 MP: 5/5
  2639 | D:4      | Reached skill level 7 in Unarmed Combat
  2940 | D:4      | Found Mufoeg's Armour Shop.
  3208 | D:5      | Entered Level 5 of the Dungeon
  3392 | D:5      | Noticed a two-headed ogre
  3465 | D:5      | Found a glowing drain.
  3474 | Sewer    | Entered a sewer
  3593 | Sewer    | Noticed Purgy
  3606 | Sewer    | Killed Purgy
  3607 | Sewer    | Reached skill level 8 in Unarmed Combat
  3607 | Sewer    | Reached XP level 7. HP: 25/62 MP: 6/6
  3941 | D:5      | Mangled by a two-headed ogre

Illustrated notes

Levels and vault maps discovered:
D:1:      dpeg_arrival_three_bigger_balls, layout_loops_corners, serial_shops,
          nicolae_lakefront_shop, nicolae_shop_trees, nicolae_shop_trees,
          nicolae_shop_waterfront, shop
D:2:      layout_basic, uniq_crazy_yiuf_cottage
D:3:      layout_basic, shapermc_ecumenical_altar_gd
D:4:      layout_loops_ring, serial_shops, kennysheep_mini_moat
D:5:      layout_basic, cheibrodos_sewer_entry_drain

Skill      XL: |  1  2  3  4  5  6 |
---------------+-------------------+-----
Unarmed Combat | 4 5 6 8 |  8.8
Fighting       | |  1.5
Throwing       | |  1.7
Dodging        | |  2.4

Action                   |  1- 3 |  4- 6 |  7- 9 || total
-------------------------+-------+-------+-------++-------
Melee: Unarmed           |    81 |   103 |    50 ||   234
       Punch             |     1 |     2 |       ||     3
Throw: Boomerang         |       |     7 |       ||     7
       Javelin           |       |       |     4 ||     4
Evoke: Wand              |       |     1 |       ||     1
 Stab: Sleeping          |     1 |     1 |       ||     2
       Distracted        |       |       |     1 ||     1
Armor: Robe              |    16 |    35 |       ||    51
       Troll leather arm |       |       |    20 ||    20
Dodge: Dodged            |    31 |    47 |    17 ||    95
